 Dungeon Crawl Stone Soup version 0.30-a0-4-ga7cffc901d (webtiles) character file.

Game seed: 14529644740083054304

347 frimble the Trooper (level 6, -1/51 HPs)
             Began as a Demonspawn Earth Elementalist on Aug 20, 2022.
             Slain by a mummy (11 damage)
             ... in an ossuary.
             The game lasted 00:05:42 (4156 turns).

frimble the Trooper (Demonspawn Earth Elementalist) Turns: 4156, Time: 00:05:42

Health: -1/51      AC:  6    Str: 14    XL:     6   Next: 33%
Magic:  9/9        EV: 11    Int: 23    God:
Gold:   208        SH:  4    Dex: 15    Spells: 8/9 levels left

rFire   . . .      SeeInvis .    d - +0 hand axe (freeze)
rCold   . . .      Faith    .    (no shield)
rNeg    . . .      Spirit   .    e - +0 troll leather armour {Pargi}
rPois   .          Reflect  .    (no helmet)
rElec   .          Harm     .    (no cloak)
rCorr   .          Rampage  .    (no gloves)
Will    .....                    (no boots)
Stlth   ++........               (no amulet)
HPRegen 0.97/turn                o - +6 ring of strength
MPRegen 0.11/turn                s - +6 ring of intelligence

@: hasted and slowed
A: yellow scales 1, condensation shield
a: no special abilities


You were in an ossuary.
You visited 1 branch of the dungeon, and saw 5 of its levels.
You also visited: Ossuary.

You collected 208 gold pieces.

Inventory:

Hand Weapons
 d - a +0 hand axe of freezing (weapon)
 m - a +1 mace
Armour
 e - a +0 troll leather armour (worn) {Pargi}
 k - a +0 buckler
Jewellery
 o - a +6 ring of strength (left hand)
 s - a +6 ring of intelligence (right hand)
Scrolls
 h - 2 scrolls of butterflies
 i - 2 scrolls of noise
 t - a scroll of silence {unknown}
Potions
 a - a potion of cancellation
 b - a potion of magic
 f - 2 potions of curing
 g - a potion of haste
 q - a potion of lignification {unknown}


   Skills:
 - Level 5.0 Fighting
 + Level 0.4(1.1) Axes
 - Level 1.4(1.5) Maces & Flails
 - Level 1.7 Dodging
 - Level 1.7 Stealth
 - Level 2.0 Spellcasting
 - Level 2.8 Transmutations
 - Level 2.6 Earth Magic


You had 8 spell levels left.
You knew the following spells:

 Your Spells              Type           Power      Damage    Failure   Level
a - Sandblast             Erth           28%        2d8       5%          1

Your spell library contained the following spells:

 Spells                   Type           Power      Damage    Failure   Level
 Beastly Appendage        Tmut           30%        N/A       4%          1
 Passwall                 Tmut/Erth      12%        N/A       8%          2
 Wereblood                Tmut           15%        N/A       8%          2
 Necrotise                Necr           8%         1d4       16%         1
 Spider Form              Tmut/Pois      8%         N/A       26%         3
 Stone Arrow              Conj/Erth      16%        3d8       28%         3
 Vampiric Draining        Necr           2%         2d6       43%         3
 Petrify                  Tmut/Erth      15%        N/A       45%         4
 Agony                    Necr           2%         N/A       99%         5


Dungeon Overview and Level Annotations

Branches:
Dungeon (5/15)            Ossuary (1/1)
 Temple: D:4-7

Altars:

Annotations:
D:4 Pikel


Innate Abilities, Weirdness & Mutations

You are partially covered in yellow scales. (AC +2)
A meltable shield of frost defends you. (SH +4)


Message History

You feel strangely unstable.
It was a scroll of teleportation.
The bog mummy casts a spell at you. The puff of frost hits you.
You block the bog mummy's attack.
You barely miss the bog mummy. You hit the bog mummy but do no damage.
The bog mummy casts a spell at you.
You feel as though you will be slow longer.
The bog mummy misses you.
You hit the bog mummy.
The bog mummy is lightly damaged.
You barely miss the bog mummy.
Your surroundings suddenly seem different. 2 mummies come into view.
Found eight items.
As you close the door, it creaks loudly!
You hit the mummy.
The mummy is lightly damaged.
You hit the mummy but do no damage. The mummy hits you.
You feel yourself speed up. The mummy barely misses you. x2
You hit the mummy.
The mummy is lightly damaged.
You barely miss the mummy. You block the mummy's attack. x2
You hit the mummy but do no damage.
The mummy is lightly damaged.
You hit the mummy. The mummy hits you but does no damage.
You barely miss the mummy.
The mummy is lightly damaged.
You hit the mummy. You freeze the mummy. The mummy hits you but does no damage.
The mummy barely misses you.
You hit the mummy. You freeze the mummy.
The mummy is moderately damaged.
You hit the mummy. The mummy hits you!
You hit the mummy but do no damage.
The mummy is moderately damaged.
You hit the mummy. The mummy barely misses you. x2
You hit the mummy but do no damage.
The mummy is moderately damaged.
You barely miss the mummy. The mummy hits you!
* * * LOW HITPOINT WARNING * * *
The mummy hits you!
You die...

## .# '####
+ ~..≈#
###.#####
#####.~#~#
#.'.#!!?#
#...#ZZP≈#
#.+!M?#
#.∩MMZZ~#
#@MZ#
#∩..#..P~#
#####
#####~~~#≈#
~.P# ~~M~#
~..## ~≈~#
~~P~


You could see 2 mummies and a centaur zombie.

Vanquished Creatures
  Pargi (D:4)
  A hound (D:2)
  An orc priest (D:2)
  An iguana (D:5)
  An orc wizard (D:5)
  A mummy (Ossuary)
  3 gnolls (D:2)
  4 adders
  A worm (D:2)
  2 dart slugs
  6 orcs
  6 ball pythons
  4 endoplasms
  2 giant cockroaches (D:2)
  6 hobgoblins
  8 kobolds
  3 quokkas
  4 bats (D:2)
  4 frilled lizards
  3 rats
62 creatures vanquished.

Vanquished Creatures (others)
  5 withered plants (Ossuary)
5 creatures vanquished.

Grand Total: 67 creatures vanquished

Notes
Turn   | Place    | Note
-------+----------+-------------------------------------------
     0 | D:1      | frimble the Demonspawn Earth Elementalist began the quest
                  | for the Orb.
     0 | D:1      | Reached XP level 1. HP: 13/13 MP: 3/3
    64 | D:1      | Found a faded altar of an unknown god.
    85 | D:1      | Reached skill level 1 in Transmutations
   363 | D:1      | Gained mutation: A meltable shield of frost defends you.
                  | (SH +4) [demonic ancestry]
   363 | D:1      | Reached XP level 2. HP: 17/19 MP: 0/5
  1036 | D:2      | Identified the +3 ring mail of Gluttony {*Corrode rF++
                  | Regen+ Stlth+}
  1100 | D:2      | Reached XP level 3. HP: 22/24 MP: 2/6
  1457 | D:2      | Reached skill level 1 in Fighting
  1459 | D:2      | Identified the +2 chain mail of Beto {*Slow Fly rCorr
                  | Int+4}
  1563 | D:2      | Reached skill level 2 in Fighting
  1563 | D:2      | Gained mutation: You are partially covered in yellow
                  | scales. (AC +2) [demonic ancestry]
  1563 | D:2      | Reached XP level 4. HP: 23/33 MP: 7/7
  2110 | D:2      | Reached skill level 3 in Fighting
  2588 | D:2      | Reached XP level 5. HP: 19/41 MP: 8/8
  2591 | D:2      | HP: 2/41 [gnoll/+0 spear (4)]
  3543 | D:3      | Reached skill level 4 in Fighting
  3675 | D:4      | Noticed Pargi
  3722 | D:4      | Killed Pargi
  3723 | D:4      | Reached skill level 5 in Fighting
  3723 | D:4      | Reached XP level 6. HP: 12/51 MP: 9/9
  3998 | D:4      | Noticed Pikel
  4030 | D:5      | Entered Level 5 of the Dungeon
  4060 | D:5      | Reached skill level 1 in Maces & Flails
  4078 | D:5      | Found a sand-covered staircase.
  4094 | Ossuary  | Entered an ossuary
  4156 | Ossuary  | Slain by a mummy

Illustrated notes

Levels and vault maps discovered:
D:1:      scummos_arrival_gate, layout_rooms, hellmonk_ecumenical_altar_zigzags
D:2:      layout_loops_corners, minmay_stone_trees_small,
          kennysheep_generic_room_8
D:3:      layout_loops_ring, amcnicky_mini_corridor_feature
D:4:      layout_rooms, hangedman_abyss_or_decor_slice, uniq_pargi, uniq_pikel
D:5:      layout_rooms, nicolae_ossuary_entry_ruins
Ossuary:  ossuary_zaba_flooded

Skill      XL: |  1  2  3  4  5  6 |
---------------+-------------------+-----
Transmutations | 1 2 |  2.8
Fighting       | 2 3 5 |  5.0
Maces & Flails | 1 |  1.4
Axes           | |  0.4
Dodging        | |  1.7
Stealth        | |  1.7
Spellcasting   | |  2.0
Earth Magic    | |  2.6

Action                   |  1- 3 |  4- 6 || total
-------------------------+-------+-------++-------
Melee: Unarmed           |    38 |       ||    38
       Punch             |     1 |     7 ||     8
       Mace              |    38 |   191 ||   229
       Hand axe          |       |    30 ||    30
 Cast: Sandblast         |    29 |       ||    29
  Use: Potion            |       |     5 ||     5
       Scroll            |       |    10 ||    10
 Stab: Sleeping          |       |     1 ||     1
Armor: Robe              |     9 |       ||     9
       Ring mail         |    21 |   143 ||   164
       Troll leather arm |       |    21 ||    21
Dodge: Dodged            |    62 |   198 ||   260
Block: Other             |    20 |    54 ||    74

Table legend: (Time is in decaauts)
 A = Elapsed time spent in this place.
 B = Non-inter-level travel time spent in this place.
 C = Inter-level travel time spent in this place.
 D = Time resting spent in this place.
 E = Time spent auto-exploring this place.
 F = Levels seen in this place.
 G = Mean time per level.
                   A        B        C        D        E       F      G
               +--------+--------+--------+--------+--------+-----+--------+
         Total |   4294 |   4078 |    216 |      0 |   3268 |   6 |  715.7 |
       Dungeon |   4211 |   3995 |    216 |      0 |   3248 |   5 |  842.2 |
       Ossuary |     82 |     82 |      0 |      0 |     20 |   1 |   82.0 |
               +--------+--------+--------+--------+--------+-----+--------+

Top non-repeatable levels by time:
     D:2: 1952 daAuts
     D:1: 1080 daAuts
     D:3: 729 daAuts
     D:4: 377 daAuts
 Ossuary: 82 daAuts
     D:5: 72 daAuts
